 Dungeon Crawl Stone Soup version 0.30-a0-1059-g7dea3e163d (webtiles) character file.

Game seed: 14189598767036011533

87 GerCur the Shield-Bearer (level 4, -7/40 HPs)
             Began as a Minotaur Fighter on Apr 12, 2023.
             Mangled by a ynoxinul (8 damage)
             ... on level 1 of the Abyss.
             The game lasted 00:13:50 (2374 turns).

GerCur the Shield-Bearer (Minotaur Fighter)         Turns: 2374, Time: 00:13:51

Health: -7/40      AC:  7    Str: 23    XL:     4   Next: 28%
Magic:  2/2        EV:  9    Int:  5    God:
Gold:   107        SH:  4    Dex:  9    Spells: 3/3 levels left

rFire   . . .      SeeInvis .    a - +0 long sword
rCold   . . .      Faith    .    c - +0 buckler
rNeg    . . .      Spirit   .    b - +0 scale mail
rPois   .          Reflect  .    (helmet restricted)
rElec   .          Rampage  .    (no cloak)
rCorr   .                        (no gloves)
Will    .....                    (no boots) Stlth
                                 (no amulet)
HPRegen 0.26/turn                (no ring)
MPRegen 0.08/turn                (no ring)

@: no status effects
A: horns 2, retaliatory headbutt, [low MP 2], [no potion heal 2]
a: no special abilities


You were on level 1 of the Abyss.
You visited 1 branch of the dungeon, and saw 3 of its levels.
You visited the Abyss 1 time.

You collected 107 gold pieces.

Inventory:

Hand Weapons
 a - a +0 long sword (weapon)
Armour
 b - a +0 scale mail (worn)
 c - a +0 buckler (worn)
Scrolls
 e - a scroll of fear {unknown}
 g - 2 scrolls of torment {unknown}
 k - a scroll of teleportation {unknown}
Potions
 d - 2 potions of might
 f - a potion of heal wounds {unknown}
 h - a potion of flight {unknown}
 i - a potion of magic {unknown}
 j - a potion of haste {unknown}


   Skills:
 + Level 3.9 Fighting
 + Level 3.9 Long Blades
 + Level 4.2 Armour
 + Level 1.1 Dodging
 + Level 4.2 Shields


You had 3 spell levels left.
You didn't know any spells.
Your spell library was empty.

Dungeon Overview and Level Annotations

Branches:
Dungeon (3/15)

Altars:
Ashenzari


Innate Abilities, Weirdness & Mutations

You have a pair of horns on your head.
You reflexively headbutt those who attack you in melee.
[Your magical capacity is very low. (-20% MP)]
[Potions cannot restore your health.]


Message History

You hit the ynoxinul.
The ynoxinul is moderately wounded.
The ynoxinul gestures.
You barely miss the ynoxinul.
The ynoxinul is moderately wounded.
The ynoxinul gestures at you. The iron shot hits you!
You block the ufetubus's attack. The ufetubus hits you.
You hit the ynoxinul.
The ynoxinul is moderately wounded.
The ufetubus hits you. The ufetubus barely misses you.
You block the ufetubus's attack.
The ufetubus hits you but does no damage.
The ynoxinul hits you but does no damage.
A starcursed mass comes into view.
The ufetubus barely misses you. You furiously retaliate!
You headbutt the ufetubus!
You kill the ufetubus!
The ufetubus disappears in a puff of smoke!
The ufetubus hits you. The ufetubus barely misses you. The ynoxinul hits you.
You completely miss the ynoxinul.
You headbutt the ynoxinul, but do no damage.
The ynoxinul is moderately wounded.
The ufetubus hits you.
* * * LOW HITPOINT WARNING * * *
The ufetubus closely misses you. The ufetubus hits you.
* * * LOW HITPOINT WARNING * * *
The ufetubus completely misses you.
The starcursed mass shrieks in your mind.
* * * LOW HITPOINT WARNING * * *
The ynoxinul barely misses you.
Unknown command.
You hit the ynoxinul.
The ynoxinul is moderately wounded.
The ufetubus barely misses you. The ufetubus hits you.
* * * LOW HITPOINT WARNING * * *
The wretched star pulses with an eldritch light!
Your system partially rejects the healing effects of potions.
Your system completely rejects the healing effects of potions.
The ynoxinul hits you!
You die...

. ....#####
....X*3@#
.#..###5...#
.#.#.# .# ..
.. ## #.. ##
#.# .. ###


You could see a starcursed mass, a wretched star, a ynoxinul and an ufetubus
(summoned).

Vanquished Creatures
  2 adders (D:2)
  2 worms (D:2)
  An orc (D:3)
  6 bats
  3 endoplasms
  5 giant cockroaches (D:1)
  4 goblins (D:2)
  4 hobgoblins
  4 jackals
  5 quokkas (D:1)
  7 ball pythons
  4 frilled lizards
  5 kobolds
  5 rats
57 creatures vanquished.

Vanquished Creatures (others)
  A fungus (D:1)
1 creature vanquished.

Grand Total: 58 creatures vanquished

Notes
Turn   | Place    | Note
-------+----------+-------------------------------------------
     0 | D:1      | GerCur the Minotaur Fighter began the quest for the Orb.
     0 | D:1      | Reached XP level 1. HP: 19/19 MP: 0/0
   373 | D:1      | Reached XP level 2. HP: 24/27 MP: 1/1
   482 | D:1      | Found a faded altar of an unknown god.
   756 | D:1      | Reached XP level 3. HP: 33/33 MP: 2/2
  1275 | D:2      | Found a broken altar of Ashenzari.
  1403 | D:2      | Reached skill level 1 in Dodging
  1435 | D:2      | Identified the +1 leather armour of Ornamental Creativity
                  | {rElec Slay-6 Stlth+}
  1608 | D:2      | Reached XP level 4. HP: 40/40 MP: 3/3
  2305 | Abyss:1  | Found a corrupted altar of Lugonu.
  2305 | Abyss:1  | Cast into level 1 of the Abyss (orc)
  2366 | Abyss:1  | Noticed a wretched star
  2368 | Abyss:1  | Noticed a ynoxinul
  2372 | Abyss:1  | Noticed a starcursed mass
  2374 | Abyss:1  | HP: 1/40 [ufetubus[a ynoxinul] (2)]
  2374 | Abyss:1  | Mangled by a ynoxinul

Illustrated notes

Levels and vault maps discovered:
D:1:      minmay_arrival_jagged, layout_basic,
          shapermc_ecumenical_altar_hornbeckon, minmay_split_cup_large
D:2:      layout_basic, basic_altar, minmay_misc_feat_cross
D:3:      layout_basic, portal_sewer_entry_a, hangedman_decor_lopped
Abyss:1:  base:
Sewer

Skill      XL: |  1  2  3 |
---------------+----------+-----
Shields        | 4 |  4.2
Armour         | 4 |  4.2
Long Blades    | 3 |  3.9
Dodging        | 1 |  1.1
Fighting       | |  3.9

Action                     |  1- 3 |  4- 6 || total
---------------------------+-------+-------++-------
  Melee: Long sword        |    96 |    33 ||   129
         Headbutt          |    12 |     5 ||    17
 Armour: Scale mail        |    61 |    21 ||    82
  Dodge: Dodged            |    60 |    29 ||    89
  Block: Buckler           |    23 |    12 ||    35

Table legend: (Time is in decaauts)
 A = Elapsed time spent in this place.
 B = Non-inter-level travel time spent in this place.
 C = Inter-level travel time spent in this place.
 D = Time resting spent in this place.
 E = Time spent auto-exploring this place.
 F = Levels seen in this place.
 G = Mean time per level.
                   A        B        C        D        E       F      G
               +--------+--------+--------+--------+--------+-----+--------+
         Total |   2412 |   2409 |      3 |    626 |   1231 |   4 |  603.0 |
       Dungeon |   2342 |   2339 |      3 |    626 |   1177 |   3 |  780.7 |
         Abyss |     69 |     69 |      0 |      0 |     54 |   1 |   69.0 |
               +--------+--------+--------+--------+--------+-----+--------+

Top non-repeatable levels by time:
     D:1: 1290 daAuts
     D:2: 1003 daAuts
 Abyss:1: 69 daAuts
     D:3: 49 daAuts
